 Dungeon Crawl Stone Soup version 0.29-a0-43-g62a80824bf (webtiles) character file.

Game seed: 12612574665873483453

1857 siradein the Charlatan (level 8, -28/62 (70) HPs)
             Began as a White Draconian Artificer on Feb 3, 2022.
             Hit by a large rock thrown by a cyclops (30 damage)
             ... on level 6 of the Dungeon.
             The game lasted 00:17:36 (7415 turns).

siradein the Charlatan (White Draconian Artificer)  Turns: 7415, Time: 00:17:37

HP:   -28/62 (70)   AC:  7    Str: 14    XL:     8   Next: 89%
MP:   15/15         EV: 18    Int: 12    God:
Gold: 279           SH:  0    Dex: 14    Spells: 16/16 levels left

rFire   . . .      SeeInvis .   C - +1 whip (elec)
rCold   + . .      Faith    .   (no shield)
rNeg    . . .      Spirit   .   (armour unavailable)
rPois   +          Reflect  .   (helmet restricted)
rElec   .          Harm     .   w - +0 cloak
rCorr   .          Rampage  .   (no gloves)
Will    .....                   (no boots)
Stlth   ++........              (no amulet)
HPRegen 0.20/turn               u - ring of poison resistance
MPRegen 0.14/turn               t - +4 ring of evasion

@: studying Necromancy, heavily drained
A: breathe frost, AC +6, unfitting armour, cold resistance 1, cold-blooded,
deterioration 1, sense surroundings 1, subdued magic 1
a: Breathe Frost


You were on level 6 of the Dungeon.
You visited 1 branch of the dungeon, and saw 6 of its levels.

You collected 279 gold pieces.

Inventory:

Hand Weapons
 f - the +0 hand axe of Lust {drain, Drain rC++ SInv Stlth+}
   (You found it on level 5 of the Dungeon)

   A truly terrible weapon, it drains the life of any living foe it strikes.
   rC:        It greatly protects you from cold.
   SInv:      It lets you see invisible.
   Drain:     It drains your maximum health when unequipped.
   Stlth:     It makes you more stealthy.
 C - a +1 whip of electrocution (weapon)
Armour
 w - a +0 cloak (worn)
Jewellery
 j - a ring of flight
 m - a +6 ring of intelligence
 t - a +4 ring of evasion (right hand)
 u - a ring of poison resistance (left hand)
Wands
 b - a wand of flame (15)
 c - a wand of charming (15)
Scrolls
 e - 3 scrolls of enchant armour
 h - 2 scrolls of teleportation {unknown}
 i - a scroll of brand weapon {unknown}
 k - 2 scrolls of vulnerability {unknown}
 l - a scroll of blinking {unknown}
 n - a scroll of holy word {unknown}
 o - a scroll of fear {unknown}
 p - 2 scrolls of magic mapping {unknown}
 s - 3 scrolls of enchant weapon {unknown}
 y - a scroll of noise {unknown}
Potions
 q - a potion of ambrosia
 r - a potion of brilliance
 v - 3 potions of berserk rage
 x - a potion of haste
 z - 2 potions of attraction
 A - a potion of resistance
 B - 2 potions of curing {unknown}
Miscellaneous
 d - a piece from Xom's chessboard (15/15)


   Skills:
 + Level 5.8 Fighting
 + Level 5.2 Dodging
 - Level 0.8 Stealth
 + Level 4.7 Spellcasting
 + Level 5.8 Necromancy
 + Level 6.1 Evocations


You had 16 spell levels left.
You didn't know any spells.
Your spell library contained the following spells:

 Spells                   Type           Power      Damage    Failure   Level
 Ensorcelled Hibernation  Hex/Ice        4%         N/A       26%         2
 Passwall                 Tmut/Erth      1%         N/A       26%         2
 Gell's Gravitas          Tloc           2%         N/A       47%         3
 Lesser Beckoning         Tloc           2%         N/A       47%         3
 Swiftness                Air            2%         N/A       47%         3
 Teleport Other           Tloc           2%         N/A       47%         3
 Fireball                 Conj/Fire      1%         3d3       99%         5
 Starburst                Conj/Fire      1%         6d3       100%        6
 Ignition                 Fire           1%         3d3       100%        8


Dungeon Overview and Level Annotations

Branches:
Dungeon (6/15)
 Temple: D:4-7

Altars:
Ashenzari
Elyvilon
Hepliaklqana
Makhleb
Nemelex Xobeh
Ru
Sif Muna
Trog
Wu Jian
Yredelemnul
The Shining One

Shops:
D:4 :   D:5 *(*


Innate Abilities, Weirdness & Mutations

You can breathe waves of freezing cold which knock back foes.
Your icy white scales are hard. (AC +6)
You cannot fit into any form of body armour.
Your flesh is cold resistant. (rC+)
You are cold-blooded and may be slowed by cold attacks.
Your body sometimes deteriorates upon taking damage.
You passively map a small area around you.
Your spells are a little easier to cast, but a little less powerful.


Message History

g - a potion of mutation
As you read the scroll of identify, it crumbles to dust.
q - a potion of ambrosia Really quaff the potion of mutation?
You feel extremely strange.
You feel a strange attunement to the structure of the dungeons.
You feel yourself wasting away.
Your connection to magic feels subdued.
As you read the scroll of identify, it crumbles to dust.
e - 3 scrolls of enchant armour
As you read the scroll of identify, it crumbles to dust.
v - 3 potions of berserk rage
As you read the scroll of identify, it crumbles to dust.
x - a potion of haste
As you read the scroll of identify, it crumbles to dust.
z - 2 potions of attraction
As you read the scroll of identify, it crumbles to dust.
A - a potion of resistance
(D) Dungeon
Where to? (Enter - D:5, ? - help)
What level of the Dungeon? (default 1, ? - help)
There is a stone staircase leading down here.
You climb downwards.
There is a stone staircase leading up here.
Unknown command.
You now have 273 gold pieces (gained 13).
You now have 279 gold pieces (gained 6).
Found 5 boomerangs of dispersal.
s - 3 scrolls labelled HAGGUPO QOVA (gained 1)
A cyclops comes into view.
A cyclops is nearby!
The cyclops shouts!
The cyclops throws a large rock.
The large rock hits you!!!
Ouch! That really hurt!
* * * LOW HITPOINT WARNING * * *
Found 14 stones and 15 gold pieces.
The cyclops throws a large rock.
The large rock hits you!
* * * LOW HITPOINT WARNING * * *
Found 13 gold pieces.
The cyclops throws a large rock.
The large rock hits you!!
You die...

######## #......##
###....(..#
..##.....####### #######
....(....##....##.......
................@.C..$..
.....................(.#
..##....................
..##.....##.............
..##.....##...###......#
.........##...# ......#
.........#..... .......
.........#.....# $......
.........#.....#, .....
*


You could see a cyclops.

Vanquished Creatures
  Pikel (D:4)
  A steam dragon (D:6)
  A water moccasin (D:6)
  A sky beast (D:4)
  2 ogres (D:6)
  A phantom (D:5)
  3 centaurs
  Blork the orc (D:5)
  A scorpion (D:4)
  A howler monkey (D:5)
  A bullfrog zombie (D:5)
  A jelly (D:6)
  A hound (D:5)
  A centaur skeleton (D:5)
  Jessica (D:2)
  2 iguanas (D:4)
  A hound zombie (D:5)
  Robin (D:2)
  A howler monkey skeleton (D:6)
  2 adders
  2 shadow imps (D:6)
  A white imp (D:6)
  4 worms
  3 dart slugs
  9 orcs
  8 endoplasms
  A giant cockroach (D:1)
  11 goblins
  5 hobgoblins
  3 jackals (D:3)
  2 quokkas
  4 ball pythons
  6 bats
  14 frilled lizards
  5 kobolds
  2 rats
105 creatures vanquished.

Vanquished Creatures (others)
  An endoplasm (D:3)
  7 plants (D:2)
8 creatures vanquished.

Grand Total: 113 creatures vanquished

Notes
Turn   | Place    | Note
-------+----------+-------------------------------------------
     0 | D:1      | siradein the Draconian Artificer began the quest for the
                  | Orb.
     0 | D:1      | Reached XP level 1. HP: 16/16 MP: 1/1
   512 | D:1      | Reached XP level 2. HP: 14/23 MP: 2/2
  1108 | D:2      | Found an ornate altar of the Wu Jian Council.
  1134 | D:2      | Reached skill level 1 in Spellcasting
  1134 | D:2      | Reached XP level 3. HP: 25/29 MP: 4/4
  1391 | D:2      | Found a faded altar of an unknown god.
  1441 | D:2      | Noticed Jessica
  1451 | D:2      | Killed Jessica
  1831 | D:2      | Reached XP level 4. HP: 36/36 MP: 6/6
  1890 | D:2      | Noticed Robin
  1910 | D:2      | Killed Robin
  2577 | D:3      | Found a white marble altar of Elyvilon.
  3153 | D:4      | Reached XP level 5. HP: 44/44 MP: 8/8
  3264 | D:4      | Reached skill level 4 in Evocations
  3474 | D:4      | Noticed a centaur
  3475 | D:4      | Noticed a centaur
  3483 | D:4      | Killed a centaur
  3484 | D:4      | Reached XP level 6. HP: 24/51 MP: 9/9
  3775 | D:4      | Noticed a sky beast
  3833 | D:4      | Killed a sky beast
  3834 | D:4      | Reached skill level 1 in Necromancy
  4108 | D:4      | Found Waosov's Book Shoppe.
  4577 | D:5      | Entered Level 5 of the Dungeon
  4620 | D:5      | Your scales start taking on an icy white colour.
  4620 | D:5      | Reached XP level 7. HP: 42/59 MP: 11/11
  4620 | D:5      | Gained mutation: Your flesh is cold resistant. (rC+) [White
                  | Draconian growth]
  4718 | D:5      | Found Aziash's Weapon Shop.
  4725 | D:5      | Found Kujobish's Assorted Antiques.
  4882 | D:5      | Identified the +0 hand axe of Lust {drain, Drain rC++ SInv
                  | Stlth+}
  4927 | D:5      | Found Melicug's General Store.
  4963 | D:5      | Found a glowing golden altar of the Shining One.
  4963 | D:5      | Found a bloodstained altar of Trog.
  5080 | D:5      | Found a broken altar of Ashenzari.
  5374 | D:6      | Reached skill level 5 in Evocations
  5428 | D:6      | Noticed a steam dragon
  5458 | D:6      | Killed a steam dragon
  5459 | D:6      | Reached XP level 8. HP: 11/67 MP: 13/13
  5898 | D:6      | Reached skill level 5 in Fighting
  6160 | D:5      | Noticed Pikel
  6851 | D:4      | Killed Pikel
  6852 | D:4      | Reached skill level 5 in Dodging
  6852 | D:4      | Reached skill level 5 in Necromancy
  6914 | D:5      | Noticed Blork the orc
  6928 | D:5      | Killed Blork the orc
  6929 | D:5      | Reached skill level 6 in Evocations
  7278 | D:5      | Found a sparkling altar of Nemelex Xobeh.
  7278 | D:5      | Found a shimmering blue altar of Sif Muna.
  7279 | D:5      | Found a burning altar of Makhleb.
  7279 | D:5      | Found a sacrificial altar of Ru.
  7280 | D:5      | Found a hazy altar of Hepliaklqana.
  7283 | D:5      | Found a basalt altar of Yredelemnul.
  7329 | D:5      | Gained mutation: You passively map a small area around you.
                  | [potion of mutation]
  7329 | D:5      | Gained mutation: Your body sometimes deteriorates upon
                  | taking damage. [potion of mutation]
  7329 | D:5      | Gained mutation: Your spells are a little easier to cast,
                  | but a little less powerful. [potion of mutation]
  7410 | D:6      | Noticed a cyclops
  7414 | D:6      | HP: 2/62 [cyclops/large rock (13)]
  7415 | D:6      | Hit by a large rock thrown by a cyclops

Illustrated notes

Levels and vault maps discovered:
D:1:      nzn_arrival_water_spiral, layout_basic
D:2:      layout_basic, chequers_ecumenical_altar_island, basic_altar,
          minmay_lizard_king, uniq_robin, uniq_jessica
D:3:      layout_rooms, elyvilon_altar_4, grunt_decor_one_mirror
D:4:      layout_loops_corners, serial_shops, nicolae_shop_advertising_works
          [nicolae_subvault_shop_adworks], minmay_manual_mares
D:5:      layout_rooms, minitemple, serial_shops,
          nicolae_shop_bloodbath_and_beyond, nicolae_shop_crystal,
          nicolae_square_shop, lemuel_old_faithful, uniq_blork_the_orc,
          uniq_pikel
D:6:      layout_gridville

Skill      XL: |  1  2  3  4  5  6  7  8 |
---------------+-------------------------+-----
Spellcasting   | 1 2 3 4 |  4.7
Fighting       | 2 3 4 5 |  5.8
Dodging        | 3 4 5 |  5.2
Evocations     | 4 5 6 |  6.1
Necromancy     | 1 4 5 |  5.8
Stealth        | |  0.8

Action                   |  1- 3 |  4- 6 |  7- 9 || total
-------------------------+-------+-------+-------++-------
Melee: Club              |    17 |       |       ||    17
       Hand axe          |    64 |    55 |   109 ||   228
       Tailslap          |     6 |    25 |    12 ||    43
       Quarterstaff      |       |   108 |     7 ||   115
       Punch             |       |       |     6 ||     6
       Whip              |       |       |    24 ||    24
 Abil: Breathe Frost     |       |       |    21 ||    21
  Use: Scroll            |       |       |     7 ||     7
       Potion            |       |       |     1 ||     1
 Stab: Sleeping          |     5 |     1 |       ||     6
Armor: Skin              |    30 |    71 |    53 ||   154
Dodge: Dodged            |    67 |   134 |   166 ||   367

Table legend: (Time is in decaauts)
 A = Elapsed time spent in this place.
 B = Non-inter-level travel time spent in this place.
 C = Inter-level travel time spent in this place.
 D = Time resting spent in this place.
 E = Time spent auto-exploring this place.
 F = Levels seen in this place.
 G = Mean time per level.
                   A        B        C        D        E       F      G
               +--------+--------+--------+--------+--------+-----+--------+
         Total |   7528 |   7421 |    107 |    273 |   5450 |   6 | 1254.7 |
       Dungeon |   7528 |   7421 |    107 |    273 |   5450 |   6 | 1254.7 |
               +--------+--------+--------+--------+--------+-----+--------+

Top non-repeatable levels by time:
     D:4: 2340 daAuts
     D:2: 1436 daAuts
     D:5: 1133 daAuts
     D:1: 1112 daAuts
     D:6: 1041 daAuts
     D:3: 463 daAuts
